 Dungeon Crawl Stone Soup version 0.29.1-13-g9f3cf754e1 (webtiles) character file.

Game seed: 8086018774563556099

39 concernfroge the Scratcher (level 3, -3/15 HPs)
             Began as a Felid Transmuter on Jan 22, 2023.
             Slain by a shadow imp (5 damage)
             ... summoned by Natasha
             ... on level 3 of the Dungeon.
             The game lasted 00:08:49 (2819 turns).

concernfroge the Scratcher (Felid Transmuter)       Turns: 2819, Time: 00:08:50

Health: -3/15      AC:  1    Str:  6    XL:     3   Next: 26%
Magic:  7/7        EV: 18    Int: 14    God:
Gold:   73         SH:  0    Dex: 18    Spells: 1/6 levels left
                                        Lives:  0   Deaths: 0

rFire   . . .      SeeInvis +     - Unarmed
rCold   . . .      Faith    .   (shield unavailable)
rNeg    . . .      Spirit   .   (body armour unavailable)
rPois   .          Reflect  .   (helmet unavailable)
rElec   .          Harm     .   (cloak unavailable)
rCorr   .          Rampage  .   (gloves unavailable)
Will    .....                   (boots unavailable)
Stlth   ++........              (no amulet)
HPRegen 0.05/turn               (no ring)
MPRegen 0.10/turn               (no ring)

@: appendages (expiring), quick
A: horns 2, very small, claws 1, fangs 3, see invisible, speed 1, shaggy fur 1,
stealthy paws, no weapons or thrown items, no armour, multi-lived
a: End Transformation


You were on level 3 of the Dungeon.
You had temporarily grown beastly horns.
You visited 1 branch of the dungeon, and saw 3 of its levels.

You collected 73 gold pieces.

Inventory:

Wands
 h - a wand of digging (5)
Scrolls
 c - 2 scrolls of torment {unknown}
 d - a scroll of teleportation {unknown}
 e - a scroll of identify {unknown}
Potions
 a - a potion of might {unknown}
 b - 3 potions of brilliance
 f - a potion of attraction {unknown}
 g - a potion of heal wounds {unknown}


   Skills:
 + Level 1.6 Fighting
 + Level 3.2 Dodging
 + Level 0.0 Stealth
 + Level 3.2 Unarmed Combat
 + Level 2.3 Spellcasting
 + Level 0.8 Translocations
 + Level 2.6 Transmutations


You had one spell level left.
You knew the following spells:

 Your Spells              Type           Power      Damage    Failure   Level
a - Beastly Appendage     Tmut           16%        N/A       8%          1
b - Wereblood             Tmut           8%         N/A       12%         2
c - Blink                 Tloc           6%         N/A       24%         2

Your spell library contained the following spells:

 Spells                   Type           Power      Damage    Failure   Level
 Sandblast                Erth           2%         2d4       22%         1
 Passwall                 Tmut/Erth      4%         N/A       21%         2
 Spider Form              Tmut/Pois      5%         N/A       38%         3
 Lesser Beckoning         Tloc           3%         N/A       43%         3
 Stone Arrow              Conj/Erth      2%         3d7       56%         3
 Ice Form                 Ice/Tmut       5%         N/A       80%         4
 Manifold Assault         Tloc           3%         N/A       99%         5


Dungeon Overview and Level Annotations

Branches:
Dungeon (3/15)

Altars:

Annotations:
D:3 Natasha


Innate Abilities, Weirdness & Mutations

You have temporarily grown beastly horns.
You have sharp claws.
You have razor-sharp teeth.
You have supernaturally acute eyesight. (SInv)
You cover ground quickly. (Speed+)
You are covered in fur. (AC +1)
Your paws help you pounce on unaware monsters.
You are incapable of wielding weapons or throwing items.
You cannot wear armour.
You gain extra lives every three experience levels.


Message History

You scratch the quokka.
You kill the quokka!
Magic restored.
Your horns disappear.
HP restored.
Natasha, Servant of Life and Death comes into view.
Natasha hisses angrily.
Casting: Beastly Appendage (safe; 8% risk of failure)
Confirm with . or Enter, or press ? or * to list all spells.
You grow a pair of large bovine horns.
Natasha drinks a potion.
Natasha's spells are empowered!
Natasha stares at you and mumbles some strange words.
You resist with significant effort.
Natasha stares at you and mumbles some strange words.
The magic dart hits you!
You closely miss Natasha. You headbutt Natasha.
Natasha is moderately wounded.
Natasha claws you.
You scratch Natasha. Your headbutt misses Natasha.
Natasha is heavily wounded.
Natasha closely misses you.
You scratch Natasha. Your headbutt misses Natasha.
Natasha is severely wounded.
Natasha barely misses you.
You barely miss Natasha.
Natasha is severely wounded.
Your transformation is almost over.
Natasha casts a spell.
You scratch Natasha. Your bite misses Natasha.
Natasha is almost dead.
Natasha misses you.
You miss Natasha. Your bite misses Natasha.
Natasha is almost dead.
The shadow imp hits you.
* * * LOW HITPOINT WARNING * * *
Natasha misses you.
You closely miss Natasha. Your bite misses Natasha.
Natasha is almost dead.
The shadow imp hits you.
You die...

### ..# #.# #.#
#h#### #@#..#
#5#..# ## #.#..###
.. #.#..†.# .###
#.##..## ..#
#.#...<# #.#####.#
#.#...##
........####.#....#
## #......##)###


You could see Natasha (empowered) and a shadow imp (summoned).

Vanquished Creatures
  A worm (D:2)
  2 dart slugs
  3 ball pythons
  3 endoplasms
  2 giant cockroaches
  A goblin (D:1)
  2 hobgoblins
  A quokka (D:3)
  3 bats (D:1)
  9 frilled lizards
  4 kobolds
  2 rats
33 creatures vanquished.

Vanquished Creatures (others)
  6 plants (D:1)
6 creatures vanquished.

Grand Total: 39 creatures vanquished

Notes
Turn   | Place    | Note
-------+----------+-------------------------------------------
     0 | D:1      | concernfroge the Felid Transmuter began the quest for the
                  | Orb.
     0 | D:1      | Reached XP level 1. HP: 9/9 MP: 4/4
   261 | D:1      | Reached XP level 2. HP: 12/12 MP: 4/6
   264 | D:1      | Learned a level 2 spell: Wereblood
   364 | D:1      | Found a faded altar of an unknown god.
   884 | D:1      | Learned a level 2 spell: Blink
  1793 | D:2      | Reached XP level 3. HP: 8/15 MP: 3/7
  2807 | D:3      | Noticed Natasha
  2819 | D:3      | Slain by a shadow imp

Illustrated notes

Levels and vault maps discovered:
D:1:      tarquinn_simple_flora_water_d, layout_basic,
          dreamdust_ecumenical_altar_statues, minmay_lizard_king
D:2:      layout_basic
D:3:      layout_basic, uniq_sigmund, uniq_natasha

Skill      XL: |  1  2 |
---------------+-------+-----
Dodging        | 3 |  3.2
Fighting       | |  1.6
Unarmed Combat | |  3.2
Spellcasting   | |  2.3
Translocations | |  0.8
Transmutations | |  2.6

Action                   || total
-------------------------++-------
Melee: Unarmed           ||    77
       Headbutt          ||    13
       Bite              ||     2
       Punch             ||     1
 Cast: Beastly Appendage ||    18
       Wereblood         ||     5
  Use: Potion            ||     1
 Stab: Sleeping          ||     3
Armor: Skin              ||     5
Dodge: Dodged            ||    39
